 Seeded DCSS version 0.27-a0-1193-g8631133539 (webtiles) character file.

Game seed: 13139434240342159461 (custom seed)

353 streetpizza the Ducker (level 6, -8/47 HPs)
             Began as a Djinni Gladiator on May 25, 2021.
             Was a Priest of Cheibriados.
             Killed by divine providence
             ... invoked by an orc priest
              (13 damage)
             ... on level 5 of the Dungeon on May 26, 2021.
             The game lasted 00:07:21 (4290 turns).

streetpizza the Ducker (Djinni Gladiator)           Turns: 4290, Time: 00:07:22

Health: -8/47      AC:  8    Str: 19    XL:     6   Next: 94%
Gold:   131        EV: 15    Int: 16    God:    Cheibriados [***...] SH:  0 Dex: 22

rFire    + + .     SeeInvis .   a - +0 long sword (venom)
rCold    x . .     Faith    .   (no shield)
rNeg     . . .     Spirit   .   b - +0 leather armour
rPois    ∞         Reflect  .   c - +0 helmet
rElec    .         Harm     .   (no cloak)
rCorr    .         Rampage  .   (no gloves)
Will     .....                  (boots unavailable)
Stlth    ++........             (no amulet)
HPRegen  0.15/turn              l - +4 ring of protection
MPRegen  0.00/turn              (no ring)

@: flying, very slow
A: sickness immunity, fire resistance 2, cold vulnerability 1, float, innate
caster, hp casting, extra vitality 1
a: Renounce Religion, Bend Time, Temporal Distortion


You were on level 5 of the Dungeon.
You worshipped Cheibriados.
Cheibriados was most pleased with you.
You visited 1 branch of the dungeon, and saw 5 of its levels.

You collected 131 gold pieces.

Inventory:

Hand Weapons
 a - a +0 long sword of venom (weapon)
Missiles
 d - 3 throwing nets (quivered)
 q - 5 poisoned darts
Armour
 b - a +0 leather armour (worn)
 c - a +0 helmet (worn)
Jewellery
 l - a +4 ring of protection (left hand)
 r - a ring of poison resistance
Wands
 f - a wand of iceblast (9)
 n - a wand of polymorph (6)
Scrolls
 e - 2 scrolls of fog {unknown}
 i - a scroll of vulnerability {unknown}
 m - 2 scrolls of blinking {unknown}
 p - a scroll of fear {unknown}
 t - a scroll of noise {unknown}
 u - a scroll of torment {unknown}
Potions
 g - 2 potions of lignification {unknown}
 h - 2 potions of curing {unknown}
 j - 2 potions of haste {unknown}
 k - 2 potions of mutation {unknown}
 o - a potion of might {unknown}
 s - a potion of invisibility {unknown}
 v - a potion of heal wounds {unknown}


   Skills:
 + Level 3.7 Fighting
 + Level 4.0 Long Blades
 - Level 1.5 Throwing
 + Level 4.8 Dodging
 + Level 2.2 Spellcasting


You had 6 spell levels left.
You knew the following spells:

 Your Spells              Type           Power      Damage    Failure   Level
a - Sandblast             Erth           16%        2d6       10%         1
b - Poisonous Vapours     Pois/Air       16%        N/A       14%         2
Your spell library was empty.

Dungeon Overview and Level Annotations

Branches:
Dungeon (5/15)             Temple (0/1) D:5

Altars:
Cheibriados
Elyvilon
Wu Jian


Innate Abilities, Weirdness & Mutations

You are immune to sickness and miasma.
You are immune to poison.
Your flesh is very heat resistant. (rF++)
You are vulnerable to cold. (rC-)
You float through the air rather than walking.
You learn spells naturally, not from books.
Your magical power is your life essence.
You have superior vitality. (+4 HP)


Message History

The iguana is severely wounded.
The iguana bites you but does no damage.
You hit the iguana.
You kill the iguana!
Cheibriados appreciates the change of pace.
Found a mace and a papyrus book.
Found a staircase to the Ecumenical Temple.
An orc wizard comes into view. It is wielding a +0 dagger.
The orc wizard moves out of view.
You see here a +0 mace.
You see here a book of Frost.
The orc wizard shouts!
You hear a shout!
You hear a bark!
An orc priest comes into view. It is wielding a +0 flail.
The orc wizard points at itself and mumbles some strange words.
The orc wizard flickers and vanishes!
Deactivating autopickup; reactivate with Ctrl-A.
The orc priest invokes the aid of Beogh against you.
Beogh smites you!
A hound comes into view.
You see here a book of Frost.
An orc comes into view. It is wielding a +0 short sword.
You slash something! Something barely misses you.
You barely miss something.
The orc priest calls down the wrath of Beogh upon you.
Beogh smites you! Something hits you but does no damage.
The orc priest invokes the aid of Beogh against you.
Beogh smites you!
* * * LOW HITPOINT WARNING * * *
You hit something but do no damage.
You hear some strange, mumbled words.
Something tries to affect you, but you resist.
You slash the orc priest!
The orc priest is almost dead.
You hear some strange, mumbled words.
A magic dart appears from out of thin air!
The magic dart hits you!
* * * LOW HITPOINT WARNING * * *
The orc priest invokes the aid of Beogh against you.
Beogh smites you!
You die...

#....# #......#..
#....###......#..
#....'........#.. .#
###....###......#<. ...
'........#####..##.. ....
########.#####..##.. .....
######.#..)....#..
......###...##.#.#####.##.
.....o.h{@)....#.#####.##.
....####o>.#####.#.....##.
. #...#####.#......#.
#####..........#.#.
#..........#...
#..........##..
#..........+...
#..........###.
#.......#### ..


You could see a hound, an orc priest and an orc.

Vanquished Creatures
  A phantom (D:5)
  A scorpion (D:4)
  A jelly (D:4)
  An iguana (D:5)
  2 orc wizards
  4 adders
  2 adder skeletons (D:4)
  3 worms
  A dart slug (D:3)
  4 orcs
  7 bats
  3 endoplasms
  3 giant cockroaches
  2 hobgoblins (D:1)
  4 kobolds
  3 quokkas
  8 ball pythons
  4 frilled lizards
  6 goblins
  5 rats
65 creatures vanquished.

Notes
Turn   | Place    | Note
-------+----------+-------------------------------------------
     0 | D:1      | streetpizza the Djinni Gladiator began the quest for the
                  | Orb.
     0 | D:1      | Reached XP level 1. HP: 18/18 MP: 0/0
   214 | D:1      | Reached XP level 2. HP: 20/23 MP: 0/0
   771 | D:1      | Found a faded altar of an unknown god.
   776 | D:1      | Became a worshipper of Cheibriados the Contemplative
   776 | D:1      | Reached * piety under Cheibriados
  1092 | D:2      | Reached XP level 3. HP: 28/28 MP: 0/0
  1092 | D:2      | Learned a level 1 spell: Sandblast
  1446 | D:2      | Reached ** piety under Cheibriados
  2077 | D:3      | Reached skill level 1 in Spellcasting
  2079 | D:3      | Reached XP level 4. HP: 33/34 MP: 0/0
  2302 | D:3      | Found a white marble altar of Elyvilon.
  2349 | D:3      | Found an ornate altar of the Wu Jian Council.
  3189 | D:4      | Reached XP level 5. HP: 40/40 MP: 0/0
  3189 | D:4      | Learned a level 2 spell: Poisonous Vapours
  3735 | D:4      | Reached XP level 6. HP: 42/46 MP: 0/0
  4052 | D:5      | Entered Level 5 of the Dungeon
  4053 | D:5      | Noticed an orc warrior
  4160 | D:5      | Reached *** piety under Cheibriados
  4277 | D:5      | Found a staircase to the Ecumenical Temple.
  4290 | D:5      | Killed from afar by an orc priest

Illustrated notes

Levels and vault maps discovered:
D:1:      ncdulo_smallfort, layout_basic, shapermc_ecumenical_altar_notcrosses,
          minmay_strange_pillars
D:2:      layout_basic
D:3:      layout_basic, elyvilon_altar_3, nzn_wu_jian_council_hall,
          minmay_fractal_squares_gapless_5
D:4:      layout_loops_ring
D:5:      layout_basic, minitemple, minmay_temple_entry_offerings

Skill      XL: |  1  2  3  4  5  6 |
---------------+-------------------+-----
Long Blades    | 3 4 |  4.0
Spellcasting   | 1 2 |  2.2
Dodging        | 4 |  4.8
Fighting       | 3 |  3.7
Throwing       | |  1.5

Action                   |  1- 3 |  4- 6 || total
-------------------------+-------+-------++-------
Melee: Long sword        |    80 |   109 ||   189
  Use: Scroll            |       |     1 ||     1
 Stab: Sleeping          |     2 |     2 ||     4
Armor: Leather armour    |    37 |    52 ||    89
Dodge: Dodged            |    73 |    60 ||   133
       Rpst.: Long sword |    23 |    15 ||    38

Table legend: (Time is in decaauts)
 A = Elapsed time spent in this place.
 B = Non-inter-level travel time spent in this place.
 C = Inter-level travel time spent in this place.
 D = Time resting spent in this place.
 E = Time spent auto-exploring this place.
 F = Levels seen in this place.
 G = Mean time per level.
                   A        B        C        D        E       F      G
               +--------+--------+--------+--------+--------+-----+--------+
         Total |   5508 |   5332 |    176 |     21 |   4697 |   5 | 1101.6 |
       Dungeon |   5508 |   5332 |    176 |     21 |   4697 |   5 | 1101.6 |
               +--------+--------+--------+--------+--------+-----+--------+

Top non-repeatable levels by time:
     D:3: 1650 daAuts
     D:4: 1284 daAuts
     D:1: 1188 daAuts
     D:2: 1089 daAuts
     D:5: 295 daAuts
